 Dungeon Crawl Stone Soup version 0.21.0-37-g46506fa (webtiles) character file.

6681 tidbits the Martial Artist (level 11, -6/98 HPs)
             Began as a Gnoll Transmuter on Jan 30, 2018.
             Was a Believer of Cheibriados.
             Killed from afar by an ice statue (28 damage)
             ... with a shard of ice
             ... in an ice cave.
             The game lasted 00:35:02 (2619 turns).

tidbits the Martial Artist (Gnoll Transmuter)       Turns: 2619, Time: 00:35:03

Health: -6/98      AC:  7    Str: 23    XL:     11   Next: 3%
Magic:  20/22      EV: 17    Int: 23    God:    Cheibriados [**....]
Gold:   140        SH:  0    Dex: 25    Spells: 11/25 levels left

rFire    x . .     SeeInvis .     - Unarmed
rCold    + + +     Gourm    .   (shield currently unavailable)
rNeg     . . .     Faith    .   (armour currently unavailable)
rPois    +         Spirit   .   (helmet currently unavailable)
rElec    .         Reflect  .   (cloak currently unavailable)
rCorr    .         Harm     +   (gloves currently unavailable)
MR       .....                  (boots currently unavailable)
Stlth    ++++......             f - amulet of harm
HPRegen  0.26/turn              X - +4 ring of dexterity
MPRegen  0.18/turn              Y - +1 ring of slaying

@: mighty, ice-form, very slow
A: large, distributed training, strong nose
a: End Transformation, Bend Time, Renounce Religion


You were in an ice cave.
You worshipped Cheibriados.
Cheibriados was pleased with you.
You were full.
You were a creature of crystalline ice.
You visited 3 branches of the dungeon, and saw 15 of its levels.
You also visited: Ice Cave.

You collected 335 gold pieces.
You spent 195 gold pieces at shops.

Inventory:

Hand Weapons
 a - a +2 dagger of venom (melded)
   (You took it off an orc wizard on level 7 of the Dungeon)
 g - a +0 rapier
 i - a +0 short sword
 s - a +0 flail of holy wrath
   (You took it off an orc on level 5 of the Dungeon)
 w - a +0 dagger
 z - a +0 falchion of draining
   (You took it off an orc on level 7 of the Dungeon)
 L - a +0 morningstar
 M - a +0 hunting sling
 R - a +3 morningstar of crushing
   (You found it on level 9 of the Dungeon)
Missiles
 j - 8 poisoned needles
 n - 3 throwing nets (quivered) {!f}
 q - 7 curare-tipped needles
 C - 95 arrows
Armour
 o - a +0 ring mail
 B - +0 steam dragon scales (melded)
 D - a +0 buckler (melded)
 F - a +2 pair of boots (melded)
 N - a +0 robe
 O - a +1 scale mail of fire resistance
   (You found it on level 1 of the Lair of Beasts)
Magical Staves
 p - an uncursed staff of earth
   (You found it on level 4 of the Dungeon)
 I - an uncursed staff of poison
   (You found it on level 9 of the Dungeon)
 J - an uncursed staff of air
   (You found it on level 1 of the Lair of Beasts)
Jewellery
 f - an amulet of harm (around neck)
   (You took it off an orc on level 5 of the Dungeon)
 G - an uncursed ring of fire
   (You found it on level 11 of the Dungeon)
 X - a +4 ring of dexterity (left front paw)
   (You found it on level 4 of the Dungeon)
 Y - a +1 ring of slaying (right front paw)
   (You found it on level 6 of the Dungeon)
Wands
 m - a wand of clouds (8)
 u - a wand of iceblast (31)
 Q - a wand of acid (7)
Scrolls
 e - a scroll of fog
 r - 6 scrolls of remove curse
 t - 4 scrolls of teleportation
 v - a scroll of enchant weapon {unknown}
 x - a scroll of blinking {unknown}
 y - 3 scrolls of amnesia
 E - a scroll of random uselessness {unknown}
Potions
 b - a potion of haste {unknown}
 h - a potion of might
 k - a potion of degeneration {unknown}
 l - a potion of curing
 A - a potion of brilliance {unknown}
 H - a potion of flight
 K - a potion of invisibility {unknown}
 P - a potion of ambrosia {unknown}
Books
 d - a book of Changes

   Spells                             Type                      Level
   a - Beastly Appendage              Transmutation                1
   b - Sticks to Snakes               Transmutation                2
   c - Spider Form                    Transmutation/Poison         3
   d - Ice Form                       Ice/Transmutation            4
   e - Blade Hands                    Transmutation                5
Comestibles
 c - 9 rations


   Skills:
 + Level 6.3 Fighting
 + Level 5.7 Short Blades
 + Level 5.7 Long Blades
 + Level 5.7 Axes
 + Level 5.7 Maces & Flails
 + Level 5.7 Polearms
 + Level 5.7 Staves
 + Level 5.7 Slings
 + Level 5.7 Bows
 + Level 5.7 Crossbows
 + Level 5.7 Throwing
 + Level 5.7 Armour
 + Level 7.4 Dodging
 + Level 5.7 Stealth
 + Level 5.7 Shields
 + Level 8.8 Unarmed Combat
 + Level 7.7 Spellcasting
 + Level 4.7 Conjurations
 + Level 4.7 Hexes
 + Level 4.7 Charms
 + Level 4.7 Summonings
 + Level 4.7 Necromancy
 + Level 4.7 Translocations
 + Level 6.2 Transmutations
 + Level 4.7 Fire Magic
 + Level 4.7 Ice Magic
 + Level 4.7 Air Magic
 + Level 4.7 Earth Magic
 + Level 4.7 Poison Magic
 + Level 6.3 Invocations
 + Level 5.7 Evocations


You had 11 spell levels left.
You knew the following spells:

 Your Spells              Type           Power        Failure   Level  Hunger
h - Blade Hands           Tmut           #####.....   16%         5    #####..
i - Ice Form              Ice/Tmut       ####....     8%          4    ###....
k - Sticks to Snakes      Tmut           #####...     1%          2    None
p - Spider Form           Tmut/Pois      ####......   2%          3    None


Dungeon Overview and Level Annotations

Branches:
Dungeon (12/15)            Temple (1/1) D:6            Lair (2/6) D:9
    Orc (0/2) D:10
  Swamp: Lair:2-4    Shoals: Lair:2-4     Snake: Lair:2-4    Spider: Lair:2-4

Altars:
Ashenzari
Cheibriados
Elyvilon
Fedhas
Gozag
Makhleb
Nemelex Xobeh
Okawaru
Qazlal
Sif Muna
Uskayaw
Wu Jian
The Shining One

Shops:
D:9 *

Annotations:
Lair:1 exclusion: oklob plant
Lair:2 Gastronok IceCv exclusion: 2 ice statues


Innate Abilities, Weirdness & Mutations

Your experience applies equally to all skills.
((You have very sharp teeth.))
Your uncanny sense of smell can sniff out nearby items.


Message History

Cheibriados appreciates the change of pace.
The white imp gestures at you. The puff of frost misses you.
The puff of frost misses your ball python.
What are your orders? t - Bark!
Orders for allies: a - Attack new target. r - Retreat! s - Stop attacking. g - Guard the area. f - Follow me.
Anything else - Cancel.
You bark for attention!
A white imp comes into view.
You punch the white imp!
You kill the white imp!
Cheibriados thoroughly appreciates the change of pace.
You punch the white imp!
You kill the white imp!
Cheibriados appreciates the change of pace.
What are your orders? t - Bark!
Orders for allies: a - Attack new target. r - Retreat! s - Stop attacking. g - Guard the area. f - Follow me.
Anything else - Cancel.
You bark for attention!
What are your orders? t - Bark!
Orders for allies: a - Attack new target. r - Retreat! s - Stop attacking. g - Guard the area. f - Follow me.
Anything else - Cancel.
You bark for attention!
You hit the white imp.
The white imp is severely wounded.
The white imp misses you.
You punch the white imp!
You kill the white imp!
Cheibriados thoroughly appreciates the change of pace.
What are your orders? t - Bark!
Orders for allies: a - Attack new target. r - Retreat! s - Stop attacking. g - Guard the area. f - Follow me.
Anything else - Cancel.
You bark for attention!
What are your orders? t - Bark!
Orders for allies: a - Attack new target. r - Retreat! s - Stop attacking. g - Guard the area. f - Follow me.
Anything else - Cancel.
You bark for attention!
Your magical contamination has completely faded away.
A white imp comes into view.
The white imp shouts, "Remove thy stench, thou fobbing crook-pated bandersnitch!"
The white imp is engulfed in freezing vapours.
The white imp shouts, "Capitulate, thou impertinent mumble-news malt-worm!"
The white imp is engulfed in freezing vapours.
The white imp shouts, "Give up, thou cockered full-gorged nert!"
The white imp gestures at you. The puff of frost hits you! You resist.
You swap places.
You swap places.
Your ball python withers and dies!
Marking area around the ice statue as unsafe for travelling.
Marking area around the ice statue as unsafe for travelling. 2 ice statues come into view.
The ice statue glitters chillingly in the dim dungeon light.
The ice statue gestures at you. The bolt of cold misses you.
The ice statue gestures at you.
The freezing blast engulfs your ball python.
Your ball python dies!
The ice statue gestures at you. The shard of ice hits you!
You partially resist.
* * * LOW HITPOINT WARNING * * *
Unknown command.
You hit the ice statue but do no damage.
You are engulfed in freezing vapours.
You resist.
* * * LOW HITPOINT WARNING * * *
Your ball python is engulfed in freezing vapours.
Your ball python dies!
You punch the ice statue!
The ice statue is moderately damaged.
You are engulfed in freezing vapours.
You resist.
* * * LOW HITPOINT WARNING * * *
You are engulfed in freezing vapours.
You resist.
* * * LOW HITPOINT WARNING * * *
As you read the scroll of teleportation, it crumbles to dust.
You feel strangely unstable.
Your surroundings suddenly seem different.
The ice statue gestures at you. The shard of ice hits you!
You partially resist.
* * * LOW HITPOINT WARNING * * *
The ice statue gestures at you. The bolt of cold misses you.
You feel very mighty all of a sudden. The ice statue gestures at you.
The shard of ice hits you! You partially resist.
You die...

##...# ##...##
#...## #..##
##..## ##..#
####..###
#8#....#8###
#........Y.#
#.......§≈...#
#.........§......#
##..........#.....
.......§..###.#..
##........## ## #
##...##### #####


You could see an ice statue.

Vanquished Creatures
  Harold (Lair:2)
  A hydra (Lair:1)
  2 two-headed ogres
  A black mamba (Lair:2)
  A merfolk (D:9)
  7 yaks
  A hungry ghost (D:8)
  A steam dragon (Lair:2)
  3 water moccasins
  2 ice beasts
  A black bear (D:6)
  2 sky beasts
  An orc warrior (D:7)
  An ogre (D:7)
  5 centaurs
  A crocodile (Lair:1)
  4 bullfrogs
  5 scorpions
  2 crimson imps
  4 hounds
  An orc priest (D:7)
  4 orc wizards
  An iguana (D:8)
  A worker ant (D:4)
  A hound skeleton (D:6)
  A worker ant zombie (D:9)
  A gnoll (D:3)
  8 adders
  2 shadow imps
  5 white imps (IceCv)
  An ufetubus (IceCv)
  An adder skeleton (D:4)
  A worm (D:4)
  A dart slug (D:1)
  2 leopard geckos
  10 orcs
  4 giant cockroaches
  2 goblins
  5 hobgoblins
  9 jackals (D:3)
  4 kobolds
  2 quokkas
  3 bats
  3 frilled lizards
  3 rats
  A toadstool (D:1)
123 creatures vanquished.

Vanquished Creatures (collateral kills)
  A basilisk (Lair:1)
  A centaur (D:7)
  A hound zombie (D:5)
  A leopard gecko (D:7)
  5 orcs
9 creatures vanquished.

Vanquished Creatures (others)
  8 white imps (IceCv)
  3 ufetubi (IceCv)
  3 toadstools (D:1)
14 creatures vanquished.

Grand Total: 146 creatures vanquished

Notes
Turn   | Place    | Note
-------+----------+-------------------------------------------
     0 | D:1      | tidbits the Gnoll Transmuter began the quest for the Orb.
     0 | D:1      | Reached XP level 1. HP: 17/17 MP: 6/6
    82 | D:2      | Reached XP level 2. HP: 9/23 MP: 7/7
   174 | D:1      | Learned a level 2 spell: Sticks to Snakes
   195 | D:3      | Reached XP level 3. HP: 14/28 MP: 7/9
   206 | D:3      | Learned a level 3 spell: Spider Form
   216 | D:3      | Noticed a centaur
   222 | D:3      | Reached skill level 5 in Spellcasting
   228 | D:3      | Killed a centaur
   228 | D:3      | Reached skill level 1 in Short Blades
   228 | D:3      | Reached skill level 1 in Long Blades
   228 | D:3      | Reached skill level 1 in Axes
   228 | D:3      | Reached skill level 1 in Maces & Flails
   228 | D:3      | Reached skill level 1 in Polearms
   228 | D:3      | Reached skill level 1 in Staves
   228 | D:3      | Reached skill level 1 in Slings
   228 | D:3      | Reached skill level 1 in Bows
   228 | D:3      | Reached skill level 1 in Crossbows
   228 | D:3      | Reached skill level 1 in Throwing
   228 | D:3      | Reached skill level 1 in Armour
   228 | D:3      | Reached skill level 1 in Stealth
   228 | D:3      | Reached skill level 1 in Shields
   228 | D:3      | Reached skill level 1 in Conjurations
   228 | D:3      | Reached skill level 1 in Hexes
   228 | D:3      | Reached skill level 1 in Charms
   228 | D:3      | Reached skill level 1 in Summonings
   228 | D:3      | Reached skill level 1 in Necromancy
   228 | D:3      | Reached skill level 1 in Translocations
   228 | D:3      | Reached skill level 1 in Fire Magic
   228 | D:3      | Reached skill level 1 in Ice Magic
   228 | D:3      | Reached skill level 1 in Air Magic
   228 | D:3      | Reached skill level 1 in Earth Magic
   228 | D:3      | Reached skill level 1 in Poison Magic
   228 | D:3      | Reached skill level 1 in Invocations
   228 | D:3      | Reached skill level 1 in Evocations
   228 | D:3      | Reached XP level 4. HP: 14/34 MP: 1/11
   241 | D:3      | Reached XP level 5. HP: 18/40 MP: 1/12
   408 | D:3      | Reached skill level 3 in Fighting
   446 | D:4      | Found a white marble altar of Elyvilon.
   464 | D:4      | Found a stormy altar of Qazlal.
   502 | D:4      | Found a hide-covered altar of Uskayaw.
   526 | D:4      | Found a burning altar of Makhleb.
   552 | D:3      | Found a blossoming altar of Fedhas.
   586 | D:4      | Reached skill level 4 in Transmutations
   619 | D:4      | Found a deep blue altar of Sif Muna.
   641 | D:4      | Reached XP level 6. HP: 40/47 MP: 1/13
   664 | D:4      | Noticed a two-headed ogre
   673 | D:4      | Killed a two-headed ogre
   673 | D:4      | Reached skill level 2 in Short Blades
   673 | D:4      | Reached skill level 2 in Long Blades
   673 | D:4      | Reached skill level 2 in Axes
   673 | D:4      | Reached skill level 2 in Maces & Flails
   673 | D:4      | Reached skill level 2 in Polearms
   673 | D:4      | Reached skill level 2 in Staves
   673 | D:4      | Reached skill level 2 in Slings
   673 | D:4      | Reached skill level 2 in Bows
   673 | D:4      | Reached skill level 2 in Crossbows
   673 | D:4      | Reached skill level 2 in Throwing
   673 | D:4      | Reached skill level 2 in Armour
   673 | D:4      | Reached skill level 5 in Dodging
   673 | D:4      | Reached skill level 2 in Stealth
   673 | D:4      | Reached skill level 2 in Shields
   673 | D:4      | Reached skill level 7 in Unarmed Combat
   673 | D:4      | Reached skill level 2 in Conjurations
   673 | D:4      | Reached skill level 2 in Hexes
   673 | D:4      | Reached skill level 2 in Charms
   673 | D:4      | Reached skill level 2 in Summonings
   673 | D:4      | Reached skill level 2 in Necromancy
   673 | D:4      | Reached skill level 2 in Translocations
   673 | D:4      | Reached skill level 2 in Fire Magic
   673 | D:4      | Reached skill level 2 in Ice Magic
   673 | D:4      | Reached skill level 2 in Air Magic
   673 | D:4      | Reached skill level 2 in Earth Magic
   673 | D:4      | Reached skill level 2 in Poison Magic
   673 | D:4      | Reached skill level 3 in Invocations
   673 | D:4      | Reached skill level 2 in Evocations
   673 | D:4      | Reached XP level 7. HP: 46/53 MP: 3/15
   720 | D:5      | Entered Level 5 of the Dungeon
   737 | D:6      | Reached XP level 8. HP: 47/60 MP: 8/16
   778 | D:5      | Reached skill level 4 in Fighting
   778 | D:5      | Reached skill level 3 in Short Blades
   778 | D:5      | Reached skill level 3 in Long Blades
   778 | D:5      | Reached skill level 3 in Axes
   778 | D:5      | Reached skill level 3 in Maces & Flails
   778 | D:5      | Reached skill level 3 in Polearms
   778 | D:5      | Reached skill level 3 in Staves
   778 | D:5      | Reached skill level 3 in Slings
   778 | D:5      | Reached skill level 3 in Bows
   778 | D:5      | Reached skill level 3 in Crossbows
   778 | D:5      | Reached skill level 3 in Throwing
   778 | D:5      | Reached skill level 3 in Armour
   778 | D:5      | Reached skill level 3 in Stealth
   778 | D:5      | Reached skill level 3 in Shields
   778 | D:5      | Reached skill level 3 in Evocations
   856 | D:5      | Reached skill level 6 in Spellcasting
   995 | D:6      | Found a staircase to the Ecumenical Temple.
  1005 | Temple   | Entered the Ecumenical Temple
  1013 | Temple   | Became a worshipper of Cheibriados the Contemplative
  1117 | D:5      | Learned a level 4 spell: Ice Form
  1123 | D:5      | Learned a level 5 spell: Blade Hands
  1180 | D:6      | Reached skill level 3 in Conjurations
  1180 | D:6      | Reached skill level 3 in Hexes
  1180 | D:6      | Reached skill level 3 in Charms
  1180 | D:6      | Reached skill level 3 in Summonings
  1180 | D:6      | Reached skill level 3 in Necromancy
  1180 | D:6      | Reached skill level 3 in Translocations
  1180 | D:6      | Reached skill level 3 in Fire Magic
  1180 | D:6      | Reached skill level 3 in Ice Magic
  1180 | D:6      | Reached skill level 3 in Air Magic
  1180 | D:6      | Reached skill level 3 in Earth Magic
  1180 | D:6      | Reached skill level 3 in Poison Magic
  1180 | D:6      | Reached skill level 4 in Invocations
  1301 | D:7      | Reached skill level 6 in Dodging
  1301 | D:7      | Reached XP level 9. HP: 44/66 MP: 11/18
  1305 | D:7      | Reached skill level 5 in Transmutations
  1411 | D:7      | Reached * piety under Cheibriados
  1458 | D:7      | Reached skill level 4 in Short Blades
  1458 | D:7      | Reached skill level 4 in Long Blades
  1458 | D:7      | Reached skill level 4 in Axes
  1458 | D:7      | Reached skill level 4 in Maces & Flails
  1458 | D:7      | Reached skill level 4 in Polearms
  1458 | D:7      | Reached skill level 4 in Staves
  1458 | D:7      | Reached skill level 4 in Slings
  1458 | D:7      | Reached skill level 4 in Bows
  1458 | D:7      | Reached skill level 4 in Crossbows
  1458 | D:7      | Reached skill level 4 in Throwing
  1458 | D:7      | Reached skill level 4 in Armour
  1458 | D:7      | Reached skill level 4 in Stealth
  1458 | D:7      | Reached skill level 4 in Shields
  1458 | D:7      | Reached skill level 4 in Evocations
  1695 | D:8      | Reached skill level 5 in Fighting
  1751 | D:10     | Entered Level 10 of the Dungeon
  1757 | D:9      | Found a staircase to the Lair.
  1766 | Lair:1   | Entered Level 1 of the Lair of Beasts
  1813 | Lair:2   | Noticed a black mamba
  1822 | Lair:2   | Killed a black mamba
  1822 | Lair:2   | Reached skill level 8 in Unarmed Combat
  1850 | Lair:1   | Noticed an eight-headed hydra
  1853 | Lair:1   | Killed an eight-headed hydra
  1853 | Lair:1   | Reached skill level 7 in Spellcasting
  1853 | Lair:1   | Reached skill level 4 in Conjurations
  1853 | Lair:1   | Reached skill level 4 in Hexes
  1853 | Lair:1   | Reached skill level 4 in Charms
  1853 | Lair:1   | Reached skill level 4 in Summonings
  1853 | Lair:1   | Reached skill level 4 in Necromancy
  1853 | Lair:1   | Reached skill level 4 in Translocations
  1853 | Lair:1   | Reached skill level 4 in Fire Magic
  1853 | Lair:1   | Reached skill level 4 in Ice Magic
  1853 | Lair:1   | Reached skill level 4 in Air Magic
  1853 | Lair:1   | Reached skill level 4 in Earth Magic
  1853 | Lair:1   | Reached skill level 4 in Poison Magic
  1853 | Lair:1   | Reached skill level 5 in Invocations
  1853 | Lair:1   | Reached XP level 10. HP: 60/74 MP: 18/20
  1910 | Lair:2   | Noticed Harold
  1921 | Lair:2   | Killed Harold
  1921 | Lair:2   | Reached skill level 5 in Short Blades
  1921 | Lair:2   | Reached skill level 5 in Long Blades
  1921 | Lair:2   | Reached skill level 5 in Axes
  1921 | Lair:2   | Reached skill level 5 in Maces & Flails
  1921 | Lair:2   | Reached skill level 5 in Polearms
  1921 | Lair:2   | Reached skill level 5 in Staves
  1921 | Lair:2   | Reached skill level 5 in Slings
  1921 | Lair:2   | Reached skill level 5 in Bows
  1921 | Lair:2   | Reached skill level 5 in Crossbows
  1921 | Lair:2   | Reached skill level 5 in Throwing
  1921 | Lair:2   | Reached skill level 5 in Armour
  1921 | Lair:2   | Reached skill level 5 in Stealth
  1921 | Lair:2   | Reached skill level 5 in Shields
  1921 | Lair:2   | Reached skill level 5 in Evocations
  1953 | Lair:2   | Noticed Gastronok
  2059 | Lair:1   | Reached ** piety under Cheibriados
  2059 | Lair:1   | Reached skill level 7 in Dodging
  2111 | Lair:2   | HP: 6/76 [Gastronok/the air (45)]
  2127 | Lair:1   | Noticed an oklob plant
  2255 | D:9      | Found Litredo's General Store.
  2263 | D:9      | Bought a wand of iceblast (9) for 195 gold pieces
  2402 | D:10     | Noticed a two-headed ogre
  2405 | D:10     | Reached skill level 6 in Fighting
  2414 | D:10     | Killed a two-headed ogre
  2414 | D:10     | Reached skill level 6 in Transmutations
  2414 | D:10     | Reached skill level 6 in Invocations
  2444 | D:11     | Found a frozen archway.
  2488 | D:11     | Reached XP level 11. HP: 26/82 MP: 3/22
  2567 | IceCv    | Entered an ice cave
  2619 | IceCv    | Killed from afar by an ice statue

Skill      XL: |  1  2  3  4  5  6  7  8  9 10 |
---------------+-------------------------------+-----
Spellcasting   | 5 6 7 |  7.7
Short Blades   | 1 2 3 4 5 |  5.7
Long Blades    | 1 2 3 4 5 |  5.7
Axes           | 1 2 3 4 5 |  5.7
Maces & Flails | 1 2 3 4 5 |  5.7
Polearms       | 1 2 3 4 5 |  5.7
Staves         | 1 2 3 4 5 |  5.7
Slings         | 1 2 3 4 5 |  5.7
Bows           | 1 2 3 4 5 |  5.7
Crossbows      | 1 2 3 4 5 |  5.7
Throwing       | 1 2 3 4 5 |  5.7
Armour         | 1 2 3 4 5 |  5.7
Stealth        | 1 2 3 4 5 |  5.7
Shields        | 1 2 3 4 5 |  5.7
Conjurations   | 1 2 3 4 |  4.7
Hexes          | 1 2 3 4 |  4.7
Charms         | 1 2 3 4 |  4.7
Summonings     | 1 2 3 4 |  4.7
Necromancy     | 1 2 3 4 |  4.7
Translocations | 1 2 3 4 |  4.7
Fire Magic     | 1 2 3 4 |  4.7
Ice Magic      | 1 2 3 4 |  4.7
Air Magic      | 1 2 3 4 |  4.7
Earth Magic    | 1 2 3 4 |  4.7
Poison Magic   | 1 2 3 4 |  4.7
Invocations    | 1 3 4 5 6 |  6.3
Evocations     | 1 2 3 4 5 |  5.7
Fighting       | 3 4 5 6 |  6.3
Transmutations | 4 5 6 |  6.2
Dodging        | 5 6 7 |  7.4
Unarmed Combat | 7 8 |  8.8

Action                   |  1- 3 |  4- 6 |  7- 9 | 10-12 || total
-------------------------+-------+-------+-------+-------++-------
Melee: Unarmed           |    42 |    68 |   105 |    51 ||   266
       Headbutt          |     3 |       |       |       ||     3
       Bite              |     3 |       |     2 |     3 ||     8
       Kick              |     1 |       |       |       ||     1
       Dagger            |       |       |     1 |     3 ||     4
       Punch             |       |       |       |     2 ||     2
 Cast: Beastly Appendage |     5 |       |       |       ||     5
       Sticks to Snakes  |     1 |     6 |    14 |    20 ||    41
       Spider Form       |     2 |     8 |    19 |     4 ||    33
       Blade Hands       |       |       |     1 |     5 ||     6
       Ice Form          |       |       |       |     1 ||     1
Invok: Bend Time         |       |       |       |     3 ||     3
 Abil: End Transformatio |       |       |     1 |       ||     1
Evoke: Wand              |       |       |     6 |     1 ||     7
  Use: Potion            |     1 |     1 |       |     3 ||     5
       Scroll            |       |     5 |     2 |     5 ||    12
 Stab: Sleeping          |       |     1 |     6 |     4 ||    11
       Distracted        |       |     1 |     2 |     1 ||     4
  Eat: Chunk             |       |       |     5 |     2 ||     7
       Ration            |       |       |       |     2 ||     2
Armor: Robe              |     4 |       |     2 |     1 ||     7
       Skin              |     6 |     3 |     4 |       ||    13
       Steam dragon scal |       |       |       |     1 ||     1
Dodge: Dodged            |    25 |    39 |    83 |    30 ||   177

Table legend:
 A = Turns spent in this place as a percentage of turns spent in the entire game.
 B = Non-inter-level travel turns spent in this place as a percentage of non-inter-level travel turns spent in the entire game.
 C = Inter-level travel turns spent in this place as a percentage of turns spent in this place.
 D = Turns resting spent in this place as a percentage of non-inter-level travel turns spent in this place.
 E = Turns spent auto-exploring this place as a percentage of non-inter-level travel turns spent in this place.
 F = Non-inter-level travel turns spent in this place divided by the number of levels of this place that you've seen.
                   A       B       C       D       E      F
               +-------+-------+-------+-------+-------+----------------------
         Total | 100.0 | 100.0 |   0.0 |   0.0 |   0.0 | 163.7
       Dungeon |  81.3 |  81.3 |   0.0 |   0.0 |   0.0 | 177.4
        Temple |   0.6 |   0.6 |   0.0 |   0.0 |   0.0 |  17.0
          Lair |  16.1 |  16.1 |   0.0 |   0.0 |   0.0 | 210.5
      Ice Cave |   2.0 |   2.0 |   0.0 |   0.0 |   0.0 |  52.0
               +-------+-------+-------+-------+-------+----------------------

Table legend:
 A = Kills in this place as a percentage of kills in entire the game.
 B = Kills by you in this place as a percentage of kills by you in the entire game.
 C = Kills by friends in this place as a percentage of kills by friends in the entire game.
 D = Other kills in this place as a percentage of other kills in the entire game.
 E = Experience gained in this place as a percentage of experience gained in the entire game.
 F = Experience gained in this place divided by the number of levels of this place that you have seen.
                   A       B       C       D       E      F
               +-------+-------+-------+-------+-------+----------------------
         Total | 100.0 | 100.0 | 100.0 |   N/A | 100.0 | 596.6
       Dungeon |  87.8 |  87.7 |  88.9 |   N/A |  67.6 | 537.7
          Lair |   7.6 |   7.4 |  11.1 |   N/A |  31.8 | 1517.5
      Ice Cave |   4.6 |   4.9 |   0.0 |   N/A |   0.6 |  58.0
               +-------+-------+-------+-------+-------+----------------------

Vault maps used:
D:1:      ldierk_water_garden
D:2:      first_ration, uniq_crazy_yiuf_cottage
D:3:      old_standard_altar, minmay_cut_off
D:4:      lemuel_doored_altar, lemuel_crystal_altar,
          nicolae_overflow_quartered_altars, minmay_misc_feat_hallway
D:5:      solitary_fountain
D:6:      minmay_cornered_nines, minmay_temple_entry_butterflies
D:7:      kennysheep_mini_moat
D:8:      basic_altar, minmay_crystal_water
D:9:      lair_entry_dummy, serial_shops, shop_statue, hangedman_fish_farm,
          uniq_grum
D:10:     orc_0_dummy
D:11:     portal_ice_cave_entry_pillars_2
D:12:     special_room, uniq_erolcha
Temple:   nicolae_temple_great_sept
Lair:1:   serial_bayou_pond_c, minmay_lair_oklob_bushes, grunt_megastairs_3,
          lemuel_fruit_tree
Lair:2:   mu_elephants_graveyard, elwin_shoals_entry_rooms, basic_altar,
          kennysheep_rathole, infiniplex_staircase_pool, uniq_erica,
          uniq_harold, uniq_gastronok
IceCv:    ice_cave_small_demon
